 Dungeon Crawl Stone Soup version 0.26.1-11-gd32895ea62 (webtiles) character file.

Game seed: 12798527773116106709

55 Almogavar the Chiller (level 3, -1/24 HPs)
             Began as a Demonspawn Ice Elementalist on June 27, 2021.
             Slain by Crazy Yiuf
             ... wielding a +2 quarterstaff of chaos
              (2 damage)
             ... while petrified by Crazy Yiuf
             ... on level 2 of the Dungeon.
             The game lasted 00:05:42 (1734 turns).

Almogavar the Chiller (Demonspawn Ice Elementalist) Turns: 1734, Time: 00:05:43

Health: -1/24      AC:  2    Str:  9    XL:     3   Next: 67%
Magic:  0/6        EV:  2    Int: 19    God:
Gold:   82         SH:  0    Dex: 13    Spells: 6/7 levels left

rFire    . . .     SeeInvis .   d - +1 whip (drain)
rCold    . . .     Faith    .   (no shield)
rNeg     + + +     Spirit   +   a - +0 robe
rPois    ∞         Reflect  .   n - +0 hat {Int+3}
rElec    .         Harm     .   (no cloak)
rCorr    .         Rampage  .   (no gloves)
Will     .....                  (no boots)
Stlth    +.........             (no amulet)
HPRegen  0.08/turn              m - ring of attention (curse)
MPRegen  0.20/turn              (no ring)

@: petrified
A: magic shield, magic regeneration
a: no special abilities


You were on level 2 of the Dungeon.
You visited 1 branch of the dungeon, and saw 2 of its levels.

You collected 82 gold pieces.

Inventory:

Hand Weapons
 d - a +1 whip of draining (weapon)
Armour
 a - a +0 robe (worn)
 g - a +0 leather armour
 n - a +0 hat of intelligence (worn)
Jewellery
 m - a cursed ring of attention (left hand)
Scrolls
 c - a scroll of remove curse {unknown}
 i - a scroll of identify {unknown}
 j - a scroll of random uselessness {unknown}
 l - 2 scrolls of immolation {unknown}
Potions
 b - a potion of mutation {unknown}
 e - 2 potions of cancellation {unknown}
 f - a potion of might {unknown}
 h - a potion of resistance {unknown}
 k - 2 potions of curing {unknown}


   Skills:
 + Level 0.3 Maces & Flails
 + Level 1.9 Dodging
 + Level 2.1 Stealth
 + Level 2.5 Spellcasting
 + Level 4.3 Ice Magic


You had 6 spell levels left.
You knew the following spells:

 Your Spells              Type           Power        Failure   Level
a - Freeze                Ice            72%          2%          1

Your spell library contained the following spells:

 Spells                   Type           Power        Failure   Level
 Frozen Ramparts          Ice            36%          9%          3
 Ozocubu's Armour         Ice            18%          9%          3
 Hailstorm                Conj/Ice       10%          54%         4
 Summon Ice Beast         Ice/Summ       10%          54%         4


Dungeon Overview and Level Annotations

Branches:
Dungeon (2/15)

Altars:

Annotations:
D:2 Crazy Yiuf


Innate Abilities, Weirdness & Mutations

When hurt, damage is shared between your health and your magic reserves.
You regenerate magic rapidly.


Message History

Casting: Freeze (safe; 2% risk of failure)
Confirm with . or Enter, or press ? or * to list all spells.
Aiming: Freeze (safe; 2% risk of failure)
Press: ? - help, Shift-Dir - straight line, f/p - Crazy Yiuf
Aim: Crazy Yiuf, wielding a +2 quarterstaff of chaos and wearing a +0 cloak (severely wounded)
You freeze Crazy Yiuf.
Crazy Yiuf is severely wounded.
Crazy Yiuf hits you with a +2 quarterstaff of chaos!
* * * LOW HITPOINT WARNING * * *
Crazy Yiuf burns you.
* * * LOW HITPOINT WARNING * * *
Your limbs are stiffening.
Casting: Freeze (safe; 2% risk of failure)
Confirm with . or Enter, or press ? or * to list all spells.
You don't have enough magic to cast that spell.
Crazy Yiuf hits you with a +2 quarterstaff of chaos!
* * * LOW HITPOINT WARNING * * *
You have turned to stone.
Crazy Yiuf hits you but does no damage. Space bends around you.
You die...

#.#####
##..........
#.....#
#..÷.#.#....
#.....#
#####....##.
#.....# #####
####.....##.
#.....# #)..#
#......#....
#.....# #...#
#.....####..
#.....# ...
#.....###...
###.....# #g#
#.......÷...
#....)..# ♣@♣♣
#.....####..
#.......# ♣♣.♣
#..(..##...#
#.......# ♣.♣♣
#........###
#.......# ♣♣.♣
#.....####
#...>...# ♣♣.♣♣
#.>...##
#.......#
♣♣PP.♣
#......###
#.......#
♣PPP.♣
#........###
###.#####
#....#
###........#
#.....####....#
#........#


You could see Crazy Yiuf.

Vanquished Creatures
  An adder (D:2)
  A worm (D:2)
  A dart slug (D:2)
  2 leopard geckos (D:1)
  A ball python (D:2)
  4 bats
  4 giant cockroaches
  4 goblins
  3 hobgoblins (D:1)
  4 frilled lizards
  7 kobolds
  6 rats (D:1)
38 creatures vanquished.

Notes
Turn   | Place    | Note
-------+----------+-------------------------------------------
     0 | D:1      | Almogavar the Demonspawn Ice Elementalist began the quest
                  | for the Orb.
     0 | D:1      | Reached XP level 1. HP: 13/13 MP: 3/3
   232 | D:1      | Reached skill level 4 in Ice Magic
   232 | D:1      | Gained mutation: When hurt, damage is shared between your
                  | health and your magic reserves. [demonic ancestry]
   232 | D:1      | Reached XP level 2. HP: 19/19 MP: 5/5
  1197 | D:2      | Gained mutation: You regenerate magic rapidly. [demonic
                  | ancestry]
  1197 | D:2      | Reached XP level 3. HP: 24/24 MP: 6/6
  1591 | D:2      | Found a faded altar of an unknown god.
  1649 | D:2      | Found a runed translucent door.
  1650 | D:2      | Noticed Crazy Yiuf
  1733 | D:2      | HP: 1/24 [Crazy Yiuf/+2 quarterstaff of chaos (4)]
  1734 | D:2      | Slain by Crazy Yiuf

Illustrated notes

Levels and vault maps discovered:
D:1:      psy_arrival_conway, layout_loops_ring, chequers_serial_rivers_micro_a,
          minivault_25, chequers_decorated_corner
D:2:      layout_rooms, chequers_ecumenical_altar_island,
          kennysheep_decorative_pillar, uniq_crazy_yiuf_cottage

Skill      XL: |  1  2 |
---------------+-------+-----
Ice Magic      | 4 |  4.3
Stealth        | 2 |  2.1
Maces & Flails | |  0.3
Dodging        | |  1.9
Spellcasting   | |  2.5

Action                   || total
-------------------------++-------
Melee: Whip              ||    11
 Cast: Freeze            ||    53
 Stab: Sleeping          ||     6
Armor: Robe              ||     4
Dodge: Dodged            ||    22
